Map: Crimson Research Lab LE

Players

YTN

  • Race: Zerg Zerg
  • League: Diamond
  • Spawn Location: 5:00

EeaZzi

  • Race: Protoss Protoss
  • League: Master
  • Spawn Location: 5:00

Ekelpack - Winner!

  • Race: Zerg Zerg
  • Spawn Location: 11:00

Nyck - Winner!

  • Race: Terran Terran
  • Spawn Location: 11:00

VOD

Have the link to the VOD?

Description

Time

  • Played on: Feb. 25, 2025, 12:32 p.m.
  • Length: 22:35
Show
View Real Time Build Order
Export as new Build Order

YTN Zerg 

Build Orders: Hatch First, Lurkers 

Get SALT Encoding   

  12  0:03  Drone  
  13  0:11  Drone  
  14  0:17  Overlord  
  14  0:26  Drone, Extractor  
  15  0:36  Drone  
  16  0:50  Hatchery  
  16  0:52  Drone  
  16  0:56  Drone  
  17  1:06  Extractor  
  16  1:13  Spawning Pool  
  16  1:15  Drone  
  16  1:18  Drone  
  16  1:22  Drone  
  18  1:30  Drone  
  19  1:42  Drone  
  20  1:51  Overlord  
  20  2:04  Queen  
  20  2:05  Queen  
  25  2:08  Drone x2  
  26  2:15  Zergling x2  
  26  2:16  Zergling x2  
  26  2:18  Metabolic Boost  
  28  2:23  Drone  
  28  2:24  Drone  
  30  2:38  Drone x2  
  32  2:53  Drone x2  
  34  3:02  Drone x2  
  34  3:04  Hatchery  
  35  3:06  Overlord  
  35  3:09  Drone  
  36  3:15  Overlord  
  36  3:17  Overlord  
  36  3:18  Overlord  
  36  3:35  Drone x3  
  36  3:36  Drone  
  36  3:38  Drone  
  41  3:48  Drone  
  40  4:05  Extractor  
  40  4:08  Zergling x18  
  48  4:13  Extractor  
  48  4:14  Zergling x2  
  48  4:19  Baneling Nest  
  47  4:25  Zergling x6  
  50  4:37  Zergling x2  
  50  4:38  Queen x3, Zergling x10  
  62  4:57  Drone x3  
  62  4:59  Zergling x2  
  66  5:00  Overlord x4  
  66  5:11  Baneling x11  
  66  5:25  Drone x5  
  66  5:26  Drone x2  
  66  5:28  Zergling x6  
  76  5:32  Lair  
  76  5:33  Drone  
  77  5:40  Extractor  
  76  5:44  Drone x3  
  76  5:45  Drone, Zergling x2  
  76  5:46  Zergling x6  
  84  5:55  Spore Crawler  
  84  5:57  Spore Crawler  
  82  5:59  Burrow  
  82  6:00  Spore Crawler  
  81  6:04  Spore Crawler  
  81  6:06  Spore Crawler  
  81  6:08  Spore Crawler  
  73  6:41  Hydralisk Den  
  73  6:42  Infestation Pit  
  48  7:03  Centrifugal Hooks  
  48  7:04  Drone  
  48  7:05  Drone x3  
  48  7:06  Drone x15  
  63  7:10  Extractor  
  63  7:14  Muscular Augments  
  63  7:15  Hydralisk x3  
  68  7:29  Spore Crawler  
  67  7:31  Spore Crawler, Queen  
  68  7:41  Hydralisk  
  68  7:42  Hydralisk  
  68  7:44  Drone  
  73  7:45  Infestor  
  73  7:47  Infestor  
  73  7:48  Hatchery  
  76  7:54  Hydralisk x2  
  76  7:55  Infestor  
  82  8:05  Hydralisk  
  82  8:06  Hydralisk  
  86  8:16  Overlord, Extractor  
  86  8:17  Overlord x5  
  85  8:34  Overlord x2  
  85  8:35  Overlord x2  
  85  8:38  Hydralisk  
  85  8:39  Hydralisk x5  
  97  8:57  Hydralisk x4  
  105  9:06  Hatchery  
  104  9:28  Hydralisk  
  104  9:29  Hydralisk x5  
  104  9:31  Zergling x8  
  117  9:32  Zergling x6  
  123  9:51  Lurker Den  
  123  9:52  Drone x3  
  125  9:55  Drone  
  125  9:56  Drone x7  
  113  10:20  Hatchery  
  112  10:23  Drone x4  
  112  10:24  Drone x5  
  112  10:26  Spore Crawler  
  120  10:30  Spore Crawler  
  111  11:00  Lurker x3  
  111  11:01  Lurker x4  
  106  11:12  Hydralisk  
  106  11:13  Hydralisk x5  
  106  11:15  Zergling x16  
  126  11:32  Hydralisk  
  126  11:33  Hydralisk x3  
  120  11:58  Hydralisk  
  120  11:59  Hydralisk x5  
  126  12:08  Extractor x2  
  121  12:10  Drone  
  121  12:11  Drone x2  
  117  12:25  Drone x4  
  117  12:26  Drone x3  
  117  12:27  Drone x4  
  128  12:31  Hive  
  122  12:37  Evolution Chamber  
  122  12:39  Infestor x2, Evolution Chamber  
  122  12:40  Infestor  
  117  12:46  Queen x2  
  117  12:47  Queen  
  123  12:52  Hatchery  
  123  12:54  Grooved Spines  
  122  13:00  Drone x3  
  122  13:02  Drone  
  122  13:03  Drone x4  
  122  13:05  Drone x3  
  133  13:11  Infestor  
  133  13:12  Infestor x2, Hydralisk  
  139  13:13  Hydralisk  
  139  13:14  Zergling x2  
  144  13:21  Drone  
  144  13:24  Zerg Ground Armor Level 1, Zerg Missile Weapons Level 1  
  145  13:27  Zergling x8  
  145  13:28  Zergling x2  
  150  13:35  Lurker  
  150  13:36  Lurker x2  
  145  13:59  Hydralisk x3  
  145  14:00  Hydralisk x4  
  145  14:44  Lurker  
  145  14:45  Lurker x10  
  156  15:05  Hatchery  
  155  15:09  Hatchery  
  155  15:13  Hydralisk  
  154  15:14  Hydralisk  
  154  15:18  Overlord x7  
  154  15:19  Overlord  
  158  15:24  Zerg Missile Weapons Level 2, Zerg Ground Armor Level 2  
  158  15:26  Seismic Spines  
  119  15:58  Hydralisk x4  
  119  15:59  Hydralisk x15  
  124  16:25  Lurker x6  
  121  16:39  Drone x12  
  104  17:03  Hydralisk  
  104  17:04  Hydralisk x9  
  116  17:14  Extractor x2  
  111  17:24  Lurker x3  
  114  17:32  Extractor  
  114  17:35  Extractor  
  112  17:40  Drone x3  
  112  17:41  Drone x3  
  112  17:42  Drone x4  
  112  17:43  Drone x3  
  125  17:56  Drone x3  
  125  17:57  Drone  
  129  18:07  Adaptive Talons  
  129  18:08  Zerg Missile Weapons Level 3, Zerg Ground Armor Level 3  
  129  18:10  Hydralisk x4  
  129  18:11  Nydus Network  
  136  18:14  Queen x2, Zergling x8  
  136  18:15  Queen x2  
  148  18:35  Spine Crawler x3  
  148  18:36  Spine Crawler  
  148  18:40  Spine Crawler  
  148  18:41  Spine Crawler, Lurker x3  
  142  18:42  Lurker x5  
  142  18:43  Spine Crawler  
  142  18:44  Overseer  
  149  18:56  Hatchery  
  136  19:07  Hydralisk x2  
  136  19:08  Hydralisk x7  
  146  19:29  Overseer  
  143  19:52  Nydus Canal  
  143  19:57  Hydralisk x9  
  90  20:53  Hydralisk x4  
  90  20:54  Hydralisk x5  
  105  20:59  Extractor  
  104  21:05  Drone x4  
  108  21:16  Hydralisk  
  108  21:17  Hydralisk x4  
  118  21:22  Lurker  
  118  21:23  Lurker x4  
  118  21:25  Lurker  
  124  21:26  Lurker  
  125  21:55  Nydus Canal  
Show
View Real Time Build Order
Export as new Build Order

EeaZzi Protoss 

Build Orders: 1 Gate Expand 

Get SALT Encoding   

  12  0:00  Probe  
  13  0:20  Pylon, Probe  
  14  0:33  Probe  
  15  0:41  Gateway, Probe  
  15  0:49  Probe  
  16  0:52  Assimilator  
  17  1:00  Probe  
  18  1:12  Probe  
  19  1:24  Probe  
  20  1:36  Nexus  
  21  1:47  Probe  
  21  1:59  Cybernetics Core  
  21  2:07  Gateway  
  21  2:12  Gateway  
  20  2:20  Pylon  
  20  2:21  Probe  
  21  2:27  Stalker  
  21  2:28  Assimilator  
  21  2:32  Probe  
  22  2:40  Probe  
  25  2:50  Probe  
  26  3:01  Forge  
  26  3:02  Probe  
  26  3:05  Probe  
  28  3:12  Probe  
  28  3:14  Probe  
  30  3:20  Pylon, Probe  
  30  3:22  Probe  
  30  3:26  Adept  
  34  3:29  Adept  
  34  3:32  Stalker  
  36  3:35  Probe  
  36  3:39  Probe  
  40  3:50  Shield Battery  
  40  3:55  Shield Battery  
  40  4:00  Photon Cannon  
  40  4:06  Photon Cannon  
  40  4:07  Stalker  
  40  4:08  Pylon  
  40  4:11  Probe  
  40  4:12  Sentry x2  
  40  4:13  Probe  
  48  4:19  Probe  
  48  4:21  Probe  
  49  4:24  Assimilator  
  49  4:28  Assimilator  
  49  4:29  Warp Gate, Probe  
  49  4:30  Probe  
  52  4:41  Robotics Facility  
  52  4:51  Probe  
  52  4:52  Probe  
  54  5:03  Probe  
  54  5:04  Probe  
  56  5:08  Phoenix  
  56  5:12  Stalker x2, Protoss Ground Weapons Level 1  
  56  5:16  Stalker  
  56  5:19  Shield Battery  
  56  5:20  Photon Cannon  
  62  5:28  Pylon  
  62  5:40  Robotics Bay  
  62  5:46  Stalker  
  64  5:50  Probe  
  64  5:51  Probe  
  66  6:03  Twilight Council  
  66  6:07  Observer  
  67  6:20  Stalker  
  69  6:27  Pylon  
  69  6:50  Stalker x3  
  75  7:02  Pylon  
  75  7:03  Pylon  
  75  7:10  Photon Cannon  
  75  7:12  Photon Cannon  
  75  7:14  Photon Cannon  
  75  7:18  Photon Cannon  
  75  7:20  Extended Thermal Lance, Colossus  
  81  7:31  Pylon  
  81  7:34  Nexus  
  81  7:37  Assimilator  
  81  7:40  Pylon  
  81  7:41  Assimilator, Pylon  
  81  7:43  Gateway, Pylon  
  81  7:44  Gateway  
  81  7:46  Gateway  
  80  8:13  Stalker x2  
  80  8:14  Stalker  
  86  8:28  Pylon  
  86  8:31  Pylon  
  86  8:35  Pylon  
  86  8:37  Colossus  
  92  8:42  Assimilator  
  92  8:48  Stalker x5  
  100  8:49  Stalker  
  104  9:04  Nexus  
  104  9:08  Probe x2  
  106  9:20  Probe x2  
  102  9:31  Blink  
  102  9:37  Photon Cannon  
  102  9:39  Photon Cannon  
  102  9:42  Photon Cannon  
  102  9:44  Photon Cannon  
  102  9:45  Photon Cannon  
  102  9:47  Probe x2  
  102  9:49  Photon Cannon  
  102  9:50  Shield Battery  
  102  9:52  Shield Battery  
  104  9:54  Templar Archives  
  104  9:56  Shield Battery  
  104  9:57  Stalker x2  
  104  9:58  Stalker x4  
  104  9:59  Probe x2  
  118  10:04  Protoss Ground Armor Level 1  
  118  10:11  Probe x2  
  120  10:25  Probe x3  
  123  10:37  Probe x2  
  123  10:38  Probe  
  126  10:49  Probe  
  122  10:50  Probe x2  
  109  11:14  Stalker  
  109  11:15  Stalker x5  
  121  11:23  Probe x3  
  124  11:35  Probe  
  87  12:19  High Templar x2  
  87  12:20  High Templar x4  
  91  12:26  Archon x2  
  91  12:27  Archon  
  79  12:33  Protoss Ground Armor Level 2  
  79  12:37  Psionic Storm  
  79  12:44  Gateway  
  79  12:46  Gateway  
  79  12:48  Gateway  
  79  13:00  Assimilator, Gateway  
  79  13:02  Assimilator  
  79  13:04  Gateway  
  79  13:05  Gateway  
  79  13:06  Gateway, Pylon  
  79  13:07  Gateway, High Templar x4  
  79  13:08  Pylon, High Templar  
  79  13:11  Archon, Pylon  
  79  13:12  Archon  
  89  13:14  Pylon  
  89  13:18  High Templar  
  91  13:23  Archon  
  91  13:34  Photon Cannon  
  91  13:36  Photon Cannon  
  91  13:39  Photon Cannon  
  91  13:41  Photon Cannon  
  91  13:44  Photon Cannon  
  91  13:46  Photon Cannon  
  91  13:50  Nexus  
  91  13:52  Shield Battery  
  91  13:54  Shield Battery  
  91  13:58  Shield Battery  
  91  14:02  Shield Battery  
  91  14:04  Shield Battery  
  91  14:05  Stalker x4  
  91  14:06  Stalker  
  91  14:07  Stalker x4  
  91  14:08  Stalker  
  91  14:09  Stalker x3  
  117  14:37  Stalker x5  
  127  14:39  Stalker  
  127  14:40  Stalker  
  131  15:13  Probe  
  132  15:24  Robotics Facility x2  
  132  15:26  Robotics Facility  
  111  16:11  Stalker x5  
  101  16:12  Stalker x6  
  101  16:13  Stalker x2  
  111  16:35  Charge  
  111  16:40  Immortal  
  111  16:41  Immortal x2  
  105  17:04  Stalker x2  
  105  17:05  Stalker x6  
  105  17:06  Stalker x2  
  125  17:15  Protoss Ground Weapons Level 2  
  125  17:17  Probe  
  125  17:20  Immortal x3  
  137  17:59  Immortal x3  
  137  18:01  Zealot x8  
  137  18:02  Zealot x5  
  175  18:25  High Templar x3  
  175  18:26  High Templar x3  
  187  18:28  Zealot  
  187  18:29  Zealot x3  
  187  18:30  Pylon  
  187  18:31  Archon x3  
  195  18:34  Pylon  
  195  18:38  Pylon  
  195  18:40  Assimilator  
  195  18:43  Assimilator  
  195  18:47  Pylon  
  195  18:48  Immortal  
  199  19:08  Immortal x2  
  197  19:10  Photon Cannon  
  197  19:12  Photon Cannon  
  197  19:15  Photon Cannon  
  183  19:18  Photon Cannon  
  181  19:25  Zealot  
  181  19:26  Zealot x7  
  59  20:10  Stalker  
  59  20:11  Stalker x5  
  59  20:12  Stalker x2  
  59  20:13  Stalker  
  63  20:22  Stalker x4  
  70  20:42  Stalker  
  70  20:43  Stalker x7  
  51  21:26  Zealot x2  
  51  21:27  Zealot x7  
  51  21:28  Zealot x3  
  51  21:29  Zealot  
Show
View Real Time Build Order
Export as new Build Order

Ekelpack Zerg - Winner!

Build Orders: Hatch First 

Get SALT Encoding   

  12  0:00  Drone  
  13  0:10  Drone  
  14  0:17  Overlord  
  14  0:36  Drone x2  
  14  0:37  Drone  
  17  0:47  Drone  
  18  0:59  Hatchery  
  18  1:00  Drone  
  18  1:12  Spawning Pool  
  17  1:18  Drone, Extractor  
  17  1:21  Drone  
  18  1:30  Drone  
  19  1:41  Drone  
  20  1:55  Overlord  
  20  2:12  Queen  
  20  2:13  Queen  
  20  2:15  Drone  
  25  2:24  Metabolic Boost  
  25  2:25  Drone  
  25  2:27  Drone  
  27  2:35  Drone x2  
  29  2:37  Drone  
  29  2:40  Drone, Extractor  
  30  2:55  Lair  
  30  2:59  Drone x3, Extractor  
  30  3:00  Drone  
  33  3:05  Drone  
  34  3:13  Drone  
  35  3:20  Drone  
  36  3:31  Overlord  
  36  3:35  Drone, Extractor  
  36  3:50  Drone x3  
  36  3:55  Zergling x12, Spire  
  44  4:07  Overlord  
  44  4:26  Drone  
  44  4:27  Drone x3  
  44  4:29  Drone  
  44  4:30  Drone, Overlord x2  
  49  4:50  Overlord  
  49  5:00  Overlord x2  
  49  5:07  Mutalisk  
  49  5:08  Mutalisk x7  
  49  5:11  Mutalisk  
  67  5:27  Queen  
  69  5:54  Hatchery  
  68  5:59  Zergling x10  
  73  6:20  Overlord x3, Mutalisk x4  
  73  6:21  Mutalisk x3  
  87  6:31  Overlord x2  
  77  7:04  Drone x2  
  77  7:05  Drone  
  77  7:06  Drone x4  
  84  7:16  Zergling x2  
  84  7:17  Zergling x2  
  84  7:18  Overlord  
  84  7:20  Drone  
  84  7:21  Drone x2  
  89  7:23  Extractor  
  88  7:31  Drone x2  
  88  7:32  Drone  
  88  7:34  Extractor  
  90  8:03  Mutalisk  
  90  8:04  Mutalisk x7  
  90  8:05  Mutalisk x4  
  114  8:28  Drone x4  
  114  8:32  Drone x4  
  122  8:43  Overlord x2  
  122  8:44  Overlord  
  122  8:49  Evolution Chamber  
  122  8:50  Evolution Chamber  
  122  8:51  Overseer  
  122  8:52  Infestation Pit  
  119  8:57  Zerg Flyer Weapons Level 1  
  119  9:03  Zergling x8  
  119  9:04  Zergling x6  
  119  9:07  Zergling x2  
  119  9:08  Zergling x8  
  127  9:26  Zergling x6  
  127  9:27  Zergling x2  
  127  9:31  Hive  
  131  9:32  Zerg Melee Weapons Level 1, Zerg Ground Armor Level 1  
  131  9:35  Overlord x2  
  131  9:48  Zergling x4  
  131  9:49  Zergling x8  
  137  9:56  Hatchery  
  128  10:25  Drone x7  
  128  10:26  Drone, Overlord x3  
  96  11:10  Zergling x6  
  96  11:11  Zergling x14  
  99  11:12  Zergling x6  
  105  11:19  Extractor  
  105  11:21  Extractor  
  103  11:28  Zerg Melee Weapons Level 2, Adrenal Glands, Zerg Ground Armor Level 2  
  103  11:29  Ultralisk Cavern, Zergling x4  
  103  11:30  Zergling x12  
  103  11:31  Zergling x2  
  82  12:01  Zergling x4  
  82  12:02  Zergling x12  
  82  12:03  Zergling x2  
  85  12:21  Overseer x2  
  74  12:34  Ultralisk  
  74  12:35  Ultralisk x7  
  74  12:36  Ultralisk x2  
  134  12:43  Drone  
  135  12:57  Chitinous Plating  
  135  13:03  Pneumatized Carapace  
  135  13:06  Hatchery  
  134  13:14  Ultralisk x4  
  134  13:15  Ultralisk  
  164  13:57  Overlord x2, Ultralisk x3  
  164  13:58  Overlord  
  182  14:16  Anabolic Synthesis  
  168  14:33  Zerg Melee Weapons Level 3  
  168  14:34  Zerg Ground Armor Level 3  
  168  14:55  Zergling x4  
  168  14:56  Zergling x12  
  168  14:57  Zergling x14  
  168  14:58  Zergling x14  
  168  14:59  Zergling x16  
  198  15:00  Zergling x4  
  182  15:55  Overseer x4  
  126  15:59  Ultralisk x3  
  126  16:00  Ultralisk x4  
  126  16:01  Zergling x4  
  128  16:20  Ultralisk  
  128  16:21  Zergling x4, Ultralisk  
  116  17:00  Ultralisk x3  
  116  17:01  Ultralisk x3  
  146  17:06  Hatchery  
  149  17:27  Drone x4  
  149  17:28  Drone x4  
  157  17:30  Extractor  
  157  17:31  Drone, Extractor  
  156  17:59  Greater Spire  
  156  18:10  Drone x3  
  159  18:18  Ultralisk x3  
  159  18:19  Zergling x6, Ultralisk  
  187  18:20  Zergling x10  
  191  18:41  Zergling x2, Ultralisk  
  197  18:42  Zergling x4  
  193  19:14  Zergling x4, Ultralisk  
  187  19:39  Zergling x2, Ultralisk x2  
  187  19:44  Ultralisk  
  187  19:45  Zergling x4  
  200  19:52  Zergling x8  
  191  19:53  Zergling x12  
  191  19:54  Zergling x10  
  191  19:55  Zergling x4  
  179  20:01  Zergling x10  
  179  20:02  Zergling x4  
  180  20:20  Overseer x3  
  158  20:55  Ultralisk  
  158  20:56  Zergling x2, Overlord x4, Ultralisk  
  158  20:57  Overlord x6  
  169  20:58  Overlord  
  165  21:12  Overlord x3  
  165  21:23  Extractor  
  164  21:32  Zergling x6  
  167  21:33  Zergling x12  
  167  21:34  Zergling x2  
  174  21:46  Ultralisk x2  
  174  21:47  Zergling x6, Ultralisk  
Show
View Real Time Build Order
Export as new Build Order

Nyck Terran - Winner!

Build Orders:  

Get SALT Encoding   

  12  0:00  SCV  
  13  0:12  SCV  
  14  0:17  Supply Depot  
  14  0:25  SCV  
  15  0:39  SCV  
  15  0:40  Barracks  
  16  0:45  Refinery  
  16  0:51  SCV  
  17  1:04  SCV  
  18  1:16  SCV, Barracks  
  19  1:28  Supply Depot  
  19  1:29  Orbital Command  
  19  1:31  Reaper  
  20  1:56  SCV  
  21  2:02  Refinery  
  21  2:04  Barracks Tech Lab  
  21  2:06  Barracks Reactor  
  21  2:12  SCV  
  22  2:24  Marine  
  23  2:31  SCV  
  23  2:35  Command Center  
  24  2:42  Marine  
  25  2:44  SCV  
  26  2:56  SCV  
  27  2:59  Marine  
  27  3:00  Marine x2  
  30  3:12  Combat Shield  
  30  3:17  Marine  
  31  3:25  Supply Depot, SCV  
  32  3:27  Marine x2  
  34  3:36  Marine  
  35  3:45  Marine  
  36  3:48  Barracks  
  36  3:52  Orbital Command  
  36  3:55  SCV  
  37  3:56  Refinery  
  37  4:03  Marine x2  
  37  4:04  Marine  
  37  4:07  SCV  
  41  4:20  Engineering Bay  
  41  4:22  SCV x2  
  41  4:23  Engineering Bay  
  43  4:33  Marine x2  
  43  4:34  SCV x2, Marine  
  48  4:43  Barracks Reactor  
  48  4:46  SCV x2  
  48  4:48  Factory  
  48  4:51  Terran Infantry Weapons Level 1  
  48  4:52  Terran Infantry Armor Level 1  
  50  4:58  SCV x2  
  52  5:00  Marine x2  
  52  5:01  Marine  
  55  5:16  Stimpack  
  55  5:21  SCV x2  
  57  5:23  Marine x3  
  57  5:24  Marine  
  61  5:34  Armory  
  61  5:35  Starport  
  61  5:36  Factory Reactor  
  61  5:38  SCV  
  61  5:42  Refinery  
  62  5:43  Supply Depot  
  62  6:05  Supply Depot, SCV x2  
  62  6:08  Marine x2  
  62  6:09  Marine x3  
  69  6:16  Starport  
  69  6:17  SCV  
  70  6:21  Factory Reactor  
  70  6:24  SCV  
  70  6:25  Supply Depot  
  71  6:26  Terran Vehicle And Ship Armor Level 1  
  71  6:30  Command Center  
  71  6:33  Marine x5  
  71  6:37  Medivac x2  
  80  6:45  SCV x2  
  82  6:50  Supply Depot  
  82  6:51  Terran Infantry Weapons Level 2  
  62  7:06  Marine x4  
  62  7:07  Marine  
  67  7:08  Medivac  
  69  7:16  Terran Infantry Armor Level 2  
  69  7:18  Supply Depot  
  69  7:30  SCV x2  
  69  7:32  Marine x5  
  76  7:44  Command Center  
  76  7:47  Medivac x3  
  76  7:48  Medivac  
  84  7:55  Fusion Core  
  85  7:58  SCV x2  
  85  7:59  Marine  
  85  8:01  Marine  
  85  8:03  Marine  
  89  8:10  Orbital Command  
  89  8:11  Marine  
  90  8:29  SCV  
  90  8:30  SCV  
  92  8:34  Marine x3  
  92  8:35  Marine x2  
  97  8:42  SCV x3  
  97  8:46  Refinery  
  97  8:48  Refinery  
  100  8:54  SCV x2  
  100  8:55  SCV  
  103  8:58  Marine x4, Caduceus Reactor  
  103  8:59  Marine  
  103  9:00  Medivac x4  
  116  9:09  Terran Infantry Weapons Level 3  
  116  9:12  Terran Vehicle And Ship Armor Level 2  
  116  9:27  Marauder  
  116  9:28  Concussive Shells  
  116  9:30  Medivac x2  
  122  9:33  Terran Infantry Armor Level 3, Marine  
  122  9:34  Marine x3  
  126  9:39  SCV x3  
  126  9:42  Orbital Command  
  129  9:49  Refinery  
  129  9:51  SCV x3, Refinery  
  132  9:53  Marine x3, Marauder  
  132  9:54  Marine  
  132  9:55  Medivac  
  140  10:06  Supply Depot  
  140  10:28  SCV x3, Marauder, Medivac  
  148  10:29  Supply Depot  
  148  10:31  Barracks  
  147  10:37  Barracks  
  142  10:52  Supply Depot  
  137  11:14  SCV x3  
  137  11:15  Supply Depot, Marine  
  137  11:16  Marine x3, Marauder  
  97  11:34  Marine  
  97  11:35  Marine x3  
  97  11:38  Supply Depot  
  96  11:40  Marine  
  76  12:02  Supply Depot, Liberator x4  
  76  12:04  Marine x4  
  76  12:05  Marauder  
  74  12:26  Supply Depot  
  74  12:35  SCV x2, Marine  
  74  12:36  Marine x2  
  81  12:37  Marine, Marauder  
  82  12:45  Barracks Reactor  
  82  12:47  Supply Depot  
  82  12:49  Supply Depot  
  82  12:50  Orbital Command  
  82  12:51  Barracks Tech Lab  
  82  12:52  Supply Depot  
  82  12:53  SCV x2  
  84  13:07  SCV x2  
  84  13:09  Weapon Refit  
  84  13:12  Supply Depot  
  86  13:14  Starport, Command Center  
  86  13:15  Starport  
  86  13:17  Medivac x4  
  86  13:18  Starport  
  94  13:20  Marine x3  
  94  13:21  Marine x2  
  94  13:22  Marine  
  94  13:23  Marine x2  
  102  13:35  Supply Depot, SCV x3  
  102  13:38  Marine  
  102  13:39  Marine x4  
  110  13:47  SCV x3, Medivac x3  
  119  13:54  Marine  
  119  13:55  Marine x2  
  122  13:58  Terran Vehicle And Ship Armor Level 3  
  122  13:59  SCV x2  
  122  14:00  SCV  
  125  14:11  SCV x2  
  125  14:12  SCV  
  128  14:23  SCV  
  128  14:24  SCV  
  130  14:25  Starport Tech Lab x2  
  130  14:26  Starport Tech Lab  
  130  14:33  SCV  
  130  14:34  Marine x5  
  130  14:35  Marine x3  
  130  14:36  SCV x2  
  141  14:38  Orbital Command  
  141  14:45  SCV  
  142  14:49  Medivac x4  
  142  14:52  Marine x4  
  154  14:56  Battlecruiser x3  
  172  15:01  SCV  
  172  15:02  SCV x2  
  175  15:10  Refinery  
  175  15:13  Marine x2  
  175  15:14  SCV x3, Marine x6  
  186  15:26  Refinery, Medivac x4  
  186  15:28  SCV x3  
  197  15:31  Marine  
  198  15:40  SCV x2  
  196  15:54  Command Center  
  195  16:03  Command Center  
  183  16:39  Battlecruiser x3  
  199  16:43  SCV  
  149  17:15  Marine x3  
  149  17:16  Marine x4  
  149  17:17  Marine  
  149  17:19  Medivac x3  
  149  17:20  Medivac  
  149  17:21  SCV x3  
  168  17:24  Orbital Command  
  168  17:27  Orbital Command  
  168  17:33  SCV x2  
  168  17:34  SCV, Marine x2  
  168  17:35  Marine x6  
  179  17:45  SCV x2  
  179  17:46  SCV  
  179  17:47  Terran Ship Weapons Level 1  
  182  17:52  Marine x2  
  182  17:53  Marine x2  
  182  17:54  SCV  
  182  17:57  SCV  
  182  17:58  SCV x2  
  190  18:06  SCV, Refinery  
  190  18:08  Battlecruiser  
  190  18:09  Refinery  
  190  18:10  SCV x2  
  199  18:15  SCV  
  199  18:18  Refinery  
  200  18:29  Command Center  
  199  21:38  Orbital Command  
Tags
 
Add a new tag
Caveats
  • Supply blocks, unpowered buildings, or Contaminate may cause inaccurate times.
  • Supply counts are checked every 10 seconds.